 Dungeon Crawl Stone Soup version 0.31-a0-960-g0fca184906 (webtiles) character file.

Game seed: 17125873706445901117

2 Azuregosa the Sneak (level 1, -9/16 HPs)
             Began as an Octopode Delver on Oct 23, 2023.
             Mangled by a gnoll sergeant
             ... wielding a +3 spear of flaming
              (11 damage)
             ... on level 5 of the Dungeon.
             The game lasted 00:00:35 (39 turns).

Azuregosa the Sneak (Octopode Delver)                 Turns: 39, Time: 00:00:36

Health: -9/16      AC:  1    Str: 11    XL:     1   Next: 30%
Magic:  1/1        EV: 13    Int: 12    God:
Gold:   0          SH:  0    Dex: 13    Spells: 0/0 levels left

rFire   . . .        a - +0 short sword
rCold   . . .        (no shield)
rNeg    . . .        (helmet restricted)
rPois   .            (no amulet)
rElec   .            (no ring)
rCorr   .            (no ring)
SInv    .            (no ring)
Will    .....        (no ring)
Stlth   ++++         (no ring)
HPRegen 0.22/turn    (no ring)
MPRegen 0.07/turn    (no ring)
                     (no ring)

%: no passive effects
@: lethally poisoned (-9 -> -18)
A: almost no armour, amphibious, 8 rings, camouflage 1, gelatinous body 1,
(nimble swimmer 1), tentacles
a: no special abilities


You were on level 5 of the Dungeon.
You visited 1 branch of the dungeon, and saw 2 of its levels.

Inventory:

Hand Weapons
 a - a +0 short sword (weapon)
Wands
 f - a wand of digging (3)
Scrolls
 b - a scroll of fog
 d - a scroll of fear
Potions
 e - a potion of haste


   Skills:
 - Level 3.0 Fighting
 - Level 2.0 Short Blades
 - Level 2.0 Dodging
 + Level 6.7 Stealth


You couldn't memorise any spells.
You didn't know any spells.
Your spell library was empty.

Dungeon Overview and Level Annotations

Branches:
Dungeon (6/15)
 Temple: D:4-7

Altars:

Annotations:
D:6 Edmund


Innate Abilities, Weirdness & Mutations

You cannot wear most types of armour.
You are amphibious.
You can wear up to eight rings at the same time.
Your skin changes colour to match your surroundings (Stealth+).
Your rubbery body absorbs attacks. (AC +1, EV +1)
((You are camouflaged when in or above water. (Stealth+)))
You have tentacles for arms and can constrict up to eight enemies at once.


Message History

2 orcs, a gnoll sergeant and 2 gnolls come into view.
The gnoll sergeant is wielding a +3 spear of flaming.
A gnoll is wielding a +0 spear and carrying a wand of charming.
The gnoll sergeant shouts!
The orc shouts! x2
The gnoll moves out of view.
You hear a shout! x3
An orc and 2 gnolls come into view.
A gnoll is wielding a +0 spear of venom.
The orc shouts!
You hear a shout!
A gnoll comes into view. It is wielding a +0 flail.
The orc closely misses you.
The gnoll shouts!
You hear a shout!
You closely miss the orc. You grab the orc.
You constrict the orc, but do no damage.
The orc barely misses you.
An orc comes into view. It is wielding a +0 trident.
You hit the orc but do no damage. You squeeze the orc.
The orc is moderately wounded.
You constrict the orc. The orc completely misses you.
You hit the orc.
The orc is severely wounded.
You constrict the orc. The orc closely misses you.
You hit the orc but do no damage.
The orc is almost dead.
You constrict the orc.
You kill the orc!
The gnoll sergeant hits you from afar with a +3 spear of flaming.
The gnoll sergeant burns you. The gnoll sergeant misses you.
The gnoll hits you from afar with a +0 spear of venom.
You are lethally poisoned!
An orc comes into view. It is wielding a +0 whip.
Things that are here:
a +0 flail; an orc corpse You closely miss the gnoll sergeant.
You grab the gnoll sergeant.
You constrict the gnoll sergeant, but do no damage.
* * * LOW HITPOINT WARNING * * *
You feel very sick.
The gnoll sergeant hits you with a +3 spear of flaming!
Ouch! That really hurt!
You die...

##............+,,,,,,,,+,***
###...........+,,,,,,,,+,*
###...........#,,*,,*,,***
####..........#,,,,,,,,*
####..........#,,,,,,,,*
####..........####++#***
#.....####...#...# ##...###
###...#** ##...## #@###
##...## *****#g# ##...##
*,,,,#g#* #..### *,,,,ogo***
#.## *,,,,og.,,** #.#
**,,...o.,,* #.# *,,.....,,*
#.# **.......,* #.#
**,,,,,,** *


You could see a gnoll sergeant, 3 gnolls and 4 orcs.

Vanquished Creatures
  An orc (D:5)
1 creature vanquished.

Notes
Turn   | Place    | Note
-------+----------+-------------------------------------------
     0 | D:5      | Azuregosa the Octopode Delver began the quest for the Orb.
     0 | D:5      | Reached XP level 1. HP: 16/16 MP: 1/1
     2 | D:6      | Noticed Edmund
    32 | D:5      | Noticed a gnoll sergeant
    39 | D:5      | Mangled by a gnoll sergeant

Illustrated notes

Levels and vault maps discovered:
D:5:      layout_cave_pods, hex_large, kennysheep_generic_room_6
D:6:      layout_rooms, mainiacjoe_overflow_chevrons, old_standard_altar,
          uniq_edmund, uniq_blork_the_orc

Action                     || total
---------------------------++-------
  Melee: Short sword       ||     5
         Constrict         ||     2
         Tentacles         ||     1
    Use: Scroll            ||     1
 Armour: Skin              ||     3
  Dodge: Dodged            ||     5

Table legend: (Time is in decaauts)
 A = Elapsed time spent in this place.
 B = Non-inter-level travel time spent in this place.
 C = Inter-level travel time spent in this place.
 D = Time resting spent in this place.
 E = Time spent auto-exploring this place.
 F = Levels seen in this place.
 G = Mean time per level.
                   A        B        C        D        E       F      G
               +--------+--------+--------+--------+--------+-----+--------+
         Total |     38 |     38 |      0 |      0 |      0 |   2 |   19.0 |
       Dungeon |     38 |     38 |      0 |      0 |      0 |   2 |   19.0 |
               +--------+--------+--------+--------+--------+-----+--------+

Top non-repeatable levels by time:
     D:5: 37 daAuts
     D:6: 1 daAuts
